Kradschützen Motorcycle Team
Construct Light Support Kompanie
Selects Panzerjäger Kommand Battlegroup
Selects GrB 39 Grenade Launcher Requisition
Construct Mechanized Kompanie
Panzerjäger Mechanized Group
Selects Defensive Positions
Construct Panzerarmee Kommand
Selects Butterfly Bomb Drop
Walking Stuka Rocket Launcher
Selects Crew Shock Tactics
Panzerjäger Mechanized Group
254 Reconnaissance Tractor
Selects Anti-tank Overwatch